 Dungeon Crawl Stone Soup version 0.28.0-53-g5a82cb258f (webtiles) character file.

Game seed: 14701095845988328028

180 Ashen the Chiller (level 5, -1/52 HPs)
             Began as an Ogre Ice Elementalist on June 20, 2022.
             Slain by an orc wizard
             ... wielding a +0 dagger
              (3 damage)
             ... on level 4 of the Dungeon.
             The game lasted 00:04:28 (2692 turns).

Ashen the Chiller (Ogre Ice Elementalist)           Turns: 2692, Time: 00:04:28

Health: -1/52      AC:  4    Str: 12    XL:     5   Next: 60%
Magic:  0/10       EV: 10    Int: 18    God:
Gold:   158        SH:  0    Dex:  9    Spells: 3/10 levels left

rFire   . . .      SeeInvis .   b - +0 club
rCold   . . .      Faith    .   (no shield)
rNeg    . . .      Spirit   .   a - +0 robe
rPois   .          Reflect  .   (helmet restricted)
rElec   .          Harm     .   d - +0 cloak
rCorr   .          Rampage  .   (gloves unavailable)
Will    .....                   (boots unavailable)
Stlth   +.........              (no amulet)
HPRegen 0.17/turn               (no ring)
MPRegen 0.12/turn               (no ring)

@: confused
A: large, unfitting armour, tough skin 1
a: no special abilities


You were on level 4 of the Dungeon.
You visited 1 branch of the dungeon, and saw 4 of its levels.

You collected 158 gold pieces.

Inventory:

Hand Weapons
 b - a +0 club (weapon)
Armour
 a - a +0 robe (worn)
 c - a +0 tower shield
 d - a +0 cloak (worn)
Scrolls
 h - 2 scrolls of teleportation {unknown}
 i - a scroll of immolation {unknown}
 k - a scroll of noise {unknown}
 l - a scroll of magic mapping {unknown}
Potions
 e - 4 potions of curing {unknown}
 f - a potion of mutation {unknown}
 g - a potion of lignification {unknown}
 j - a potion of might {unknown}


   Skills:
 + Level 2.8 Fighting
 + Level 2.7 Dodging
 + Level 2.3 Stealth
 + Level 3.4 Spellcasting
 + Level 4.1 Ice Magic


You had 3 spell levels left.
You knew the following spells:

 Your Spells              Type           Power      Damage    Failure   Level
a - Freeze                Ice            72%        1d9       2%          1
b - Frozen Ramparts       Ice            36%        1d5       9%          3
c - Ozocubu's Armour      Ice            18%        N/A       9%          3

Your spell library contained the following spells:

 Spells                   Type           Power      Damage    Failure   Level
 Sublimation of Blood     Necr           3%         N/A       24%         2
 Gell's Gravitas          Tloc           3%         N/A       43%         3
 Lesser Beckoning         Tloc           3%         N/A       43%         3
 Teleport Other           Tloc           3%         N/A       43%         3
 Hailstorm                Conj/Ice       10%        3d5       54%         4
 Petrify                  Tmut/Erth      3%         N/A       83%         4
 Irradiate                Conj/Tmut      1%         3d14      99%         5


Dungeon Overview and Level Annotations

Branches:
Dungeon (4/15)
 Temple: D:4-7

Altars:
Fedhas
Trog

Shops:
D:4 =


Innate Abilities, Weirdness & Mutations

You are too large for most types of armour.
You have tough skin. (AC +1)


Message History

You closely miss something. Something hits you.
You closely miss something. The orc hits you with a +0 short sword.
Something hits you. The orc hits you but does no damage.
You miss something.
You hear some strange, mumbled words.
A puff of flame appears from out of thin air!
The puff of flame hits you!
* * * LOW HITPOINT WARNING * * *
The orc hits you with a +0 short sword.
* * * LOW HITPOINT WARNING * * *
You hear some strange, mumbled words.
Something tries to affect you, but you resist.
Casting: Freeze (safe; 2% risk of failure)
Confirm with . or Enter, or press ? or * to list all spells.
Aiming: Freeze (safe; 2% risk of failure)
Press: ? - help, Shift-Dir - straight line, f - orc
Aim: an orc, wielding a +0 short sword and wearing a +0 leather armour You freeze the orc.
The orc is heavily wounded.
The orc hits you with a +0 short sword.
* * * LOW HITPOINT WARNING * * *
Something hits you but does no damage.
Casting: Freeze (safe; 2% risk of failure)
Confirm with . or Enter, or press ? or * to list all spells.
Aiming: Freeze (safe; 2% risk of failure)
Press: ? - help, Shift-Dir - straight line, f/p - orc
Aim: an orc, wielding a +0 short sword and wearing a +0 leather armour (heavily wounded)
You freeze the orc.
You kill the orc!
Something hits you.
* * * LOW HITPOINT WARNING * * *
You miss something. Something hits you.
* * * LOW HITPOINT WARNING * * *
You closely miss something. Something hits you.
* * * LOW HITPOINT WARNING * * *
You barely miss something.
You hear some strange, mumbled words.
You are confused.
Something hits you.
You die...

##### ##.# #.#
#...####.####.#
#..........##.#
#..........##.# .
#..........##+## ..
#.........)....## ...
#................. ....
#...###........###
..... #@..# #........#
......##{).######..#+##
......).)...# #....
.....().....# #.#..#
............# #.#....
##..........# .#..##
#..........#
##.........#
#.........#


There were no monsters in sight!

Vanquished Creatures
  An orc priest (D:3)
  2 orc wizards
  3 adders
  2 dart slugs (D:1)
  8 orcs
  9 ball pythons
  6 endoplasms
  A giant cockroach (D:4)
  A goblin (D:2)
  5 hobgoblins
  3 jackals (D:2)
  A quokka (D:1)
  4 bats
  3 frilled lizards (D:2)
  8 kobolds
  6 rats
63 creatures vanquished.

Vanquished Creatures (others)
  A wizard (D:3)
  5 fungi (D:3)
  A plant (D:3)
7 creatures vanquished.

Grand Total: 70 creatures vanquished

Notes
Turn   | Place    | Note
-------+----------+-------------------------------------------
     0 | D:1      | Ashen the Ogre Ice Elementalist began the quest for the
                  | Orb.
     0 | D:1      | Reached XP level 1. HP: 16/16 MP: 3/3
    69 | D:1      | Found a faded altar of an unknown god.
   211 | D:1      | Reached XP level 2. HP: 25/26 MP: 3/5
   365 | D:1      | Reached skill level 1 in Fighting
   421 | D:1      | Reached XP level 3. HP: 14/33 MP: 4/7
   425 | D:1      | Learned a level 3 spell: Frozen Ramparts
   429 | D:1      | Learned a level 3 spell: Ozocubu's Armour
  1284 | D:2      | Reached XP level 4. HP: 38/42 MP: 5/8
  1824 | D:3      | Reached skill level 4 in Ice Magic
  1982 | D:3      | Found a blossoming altar of Fedhas.
  2022 | D:3      | Reached XP level 5. HP: 7/50 MP: 0/10
  2520 | D:3      | Found a bloodstained altar of Trog.
  2524 | D:3      | Noticed a wizard
  2529 | D:3      | Killed a wizard
  2669 | D:4      | Found Lile's Jewellery Emporium.
  2691 | D:4      | HP: 2/52 [something (3)]
  2692 | D:4      | Slain by an orc wizard

Illustrated notes

Levels and vault maps discovered:
D:1:      roderic_crossed_star, layout_rooms,
          shapermc_ecumenical_altar_starsandcircs
D:2:      layout_basic, serial_glass, glass_columns_b, glass_columns_a,
          eino_tiny_chamber
D:3:      layout_rooms, fedhas_altar_3, trog_wizard
D:4:      layout_basic, tgw_kikubaaqudgha, serial_corexii_hall,
          chequers_hall_statues_wall_a, chequers_hall_statues_y,
          corexii_hall_statues_t, chequers_hall_statues_wall_a, serial_shops,
          shop, kennysheep_path_1, uniq_eustachio, uniq_edmund

Skill      XL: |  1  2  3  4 |
---------------+-------------+-----
Dodging        | 2 |  2.7
Fighting       | 1 2 |  2.8
Spellcasting   | 3 |  3.4
Stealth        | 2 |  2.3
Ice Magic      | 4 |  4.1

Action                   |  1- 3 |  4- 6 || total
-------------------------+-------+-------++-------
Melee: Unarmed           |     9 |       ||     9
       Club              |    32 |    29 ||    61
       Punch             |       |     1 ||     1
 Cast: Freeze            |    39 |    37 ||    76
       Frozen Ramparts   |       |     2 ||     2
 Stab: Sleeping          |       |     2 ||     2
Armor: Robe              |    23 |    27 ||    50
Dodge: Dodged            |    33 |    40 ||    73
